 Dungeon Crawl Stone Soup version 0.29-a0-1047-g7c58e119a4 (webtiles) character file.

Game seed: 15588998935162449070

230 ytrimaz the Insei (level 6, -5/42 HPs)
             Began as a Djinni Transmuter on Aug 17, 2022.
             Slain by a gnoll
             ... wielding a +0 whip
              (7 damage)
             ... on level 4 of the Dungeon.
             The game lasted 00:04:05 (4016 turns).

ytrimaz the Insei (Djinni Transmuter)               Turns: 4016, Time: 00:04:06

Health: -5/42      AC:  2    Str:  9    XL:     6   Next: 24%
Gold:   146        EV: 12    Int: 16    God:
                   SH:  0    Dex: 14

rFire   + + .      SeeInvis .     - Unarmed
rCold   x . .      Faith    .   (no shield)
rNeg    . . .      Spirit   .   a - +0 robe
rPois   ∞          Reflect  .   (no helmet)
rElec   .          Harm     .   (no cloak)
rCorr   .          Rampage  .   (no gloves)
Will    .....                   (boots unavailable)
Stlth   +.........              (no amulet)
HPRegen 0.14/turn               (no ring)
MPRegen 0.00/turn               (no ring)

@: wereblooded, flying
A: sickness immunity, fire resistance 2, cold vulnerability 1, float, innate
caster, HP casting, extra vitality 1
a: no special abilities


You were on level 4 of the Dungeon.
You visited 1 branch of the dungeon, and saw 4 of its levels.

You collected 146 gold pieces.

Inventory:

Missiles
 f - a throwing net
Armour
 a - a +0 robe (worn)
 c - a +0 ring mail of fire resistance
Jewellery
 l - an amulet of faith
Wands
 e - a wand of iceblast (5)
 i - a wand of digging (5)
Scrolls
 d - a scroll of butterflies
 g - a scroll of blinking
Potions
 b - 2 potions of magic
 h - a potion of curing {unknown}


   Skills:
 - Level 1.0 Fighting
 - Level 2.1 Dodging
 + Level 5.4 Unarmed Combat
 + Level 3.1 Spellcasting


You couldn't memorise any spells.
You knew the following spells:

 Your Spells              Type           Power      Damage    Failure   Level
a - Beastly Appendage     Tmut           24%        N/A       4%          1
b - Wereblood             Tmut           12%        N/A       8%          2
c - Spider Form           Tmut/Pois      12%        N/A       16%         3
d - Ice Form              Ice/Tmut       12%        N/A       45%         4
e - Summon Small Mammal   Summ           48%        N/A       4%          1
f - Call Imp              Summ           12%        N/A       8%          2
Your spell library was empty.

Dungeon Overview and Level Annotations

Branches:
Dungeon (4/15)
 Temple: D:4-7

Altars:

Shops:
D:1 :


Innate Abilities, Weirdness & Mutations

You are immune to sickness and miasma.
You are immune to poison.
Your flesh is very heat resistant. (rF++)
You are vulnerable to cold. (rC-)
You float through the air rather than walking.
You learn spells naturally, not from books.
Your magical power is your life essence.
You have superior vitality. (+4 MHP)


Message History

The gnoll barely misses you.
The gnoll hits you from afar with a +0 halberd!
You are too injured to fight recklessly!
You hit the gnoll. Your headbutt misses the gnoll.
The gnoll is severely wounded.
Your crimson imp blinks!
The gnoll closely misses you. The gnoll barely misses you.
The gnoll hits you from afar with a +0 halberd!
* * * LOW HITPOINT WARNING * * *
You are too injured to fight recklessly!
Unknown command.
You feel much better.
Your crimson imp blinks!
The gnoll hits you with a +0 club. The gnoll hits you with a +0 whip.
* * * LOW HITPOINT WARNING * * *
The gnoll hits you from afar with a +0 halberd!
* * * LOW HITPOINT WARNING * * *
Unknown command.
Unknown command.
You feel much better. The gnoll hits you with a +0 club.
The gnoll completely misses you. The gnoll hits you with a +0 whip.
Unknown command.
You closely miss the gnoll.
You headbutt the gnoll, but do no damage.
The gnoll is severely wounded.
Your crimson imp blinks!
The gnoll closely misses you. x2
The gnoll hits you from afar with a +0 halberd!
* * * LOW HITPOINT WARNING * * *
You hit the gnoll.
The gnoll is severely wounded.
The gnoll barely misses you. The gnoll closely misses you. x2
Unknown command.
You hit the gnoll.
You feel a bit better.
You kill the gnoll!
Your horns disappear.
The gnoll hits you from afar with a +0 halberd.
* * * LOW HITPOINT WARNING * * *
The gnoll hits you with a +0 whip!
You die...

#.....#....................
#..####.#######.##..###...
######..####.###.###+###'###
##
..<#).............+........#
...#............>.#........#
...'..............#<.......#
#.###...###..##..###.#######
### #######+###..###)##.##
.......@..(..§..#
.......)g)......#
........g.5.....#
######...##....##
#...####### ...... .......
###....## #)...#


You could see 2 gnolls and a friendly crimson imp (summoned).

Vanquished Creatures
  A necrophage (D:4)
  A scorpion (D:4)
  3 gnolls
  2 adders
  A worm (D:2)
  4 orcs (D:3)
  7 ball pythons
  4 bats
  8 endoplasms
  6 goblins
  6 hobgoblins (D:1)
  4 jackals (D:1)
  5 kobolds
  3 quokkas (D:1)
  2 frilled lizards (D:2)
  2 rats (D:1)
59 creatures vanquished.

Notes
Turn   | Place    | Note
-------+----------+-------------------------------------------
     0 | D:1      | ytrimaz the Djinni Transmuter began the quest for the Orb.
     0 | D:1      | ytrimaz set off with the following spells memorised:
                  | Beastly Appendage, Wereblood, Spider Form, Ice Form.
     0 | D:1      | Reached XP level 1. HP: 17/17 MP: 0/0
   235 | D:1      | Reached XP level 2. HP: 21/22 MP: 0/0
   374 | D:1      | Reached XP level 3. HP: 15/27 MP: 0/0
   374 | D:1      | Learned a level 1 spell: Summon Small Mammal
   653 | D:1      | Reached skill level 4 in Unarmed Combat
  1087 | D:1      | Found Jeafof's Book Shop.
  1154 | D:1      | Reached XP level 4. HP: 32/32 MP: 0/0
  1683 | D:2      | Found a faded altar of an unknown god.
  2920 | D:3      | Identified the +9 trident "Nawnink" {vorpal, rElec Will+
                  | SInv}
  3667 | D:4      | Noticed a necrophage
  3680 | D:4      | Killed a necrophage
  3681 | D:4      | Reached skill level 5 in Unarmed Combat
  3681 | D:4      | Reached XP level 5. HP: 14/37 MP: 0/0
  3681 | D:4      | Learned a level 2 spell: Call Imp
  3722 | D:4      | Reached XP level 6. HP: 12/42 MP: 0/0
  4012 | D:4      | HP: 1/42 [gnoll/+0 halberd (9)]
  4016 | D:4      | Slain by a gnoll

Illustrated notes

Levels and vault maps discovered:
D:1:      dpeg_arrival_rooms_b, layout_loops_ring, serial_shops, shop
D:2:      layout_loops_ring, shapermc_ecumenical_altar_gd
D:3:      layout_basic
D:4:      layout_gridville

Skill      XL: |  1  2  3  4  5 |
---------------+----------------+-----
Spellcasting   | 2 3 |  3.1
Unarmed Combat | 4 5 |  5.4
Fighting       | |  1.0
Dodging        | |  2.1

Action                   |  1- 3 |  4- 6 || total
-------------------------+-------+-------++-------
Melee: Unarmed           |    96 |   115 ||   211
       Headbutt          |    10 |    20 ||    30
       Punch             |     1 |       ||     1
 Cast: Beastly Appendage |    13 |    18 ||    31
       Wereblood         |     3 |     3 ||     6
       Call Imp          |       |     3 ||     3
       Summon Small Mamm |       |     2 ||     2
  Use: Potion            |     1 |     4 ||     5
       Scroll            |     2 |     5 ||     7
Armor: Robe              |    16 |    16 ||    32
       Skin              |     7 |       ||     7
Dodge: Dodged            |    65 |    88 ||   153

Table legend: (Time is in decaauts)
 A = Elapsed time spent in this place.
 B = Non-inter-level travel time spent in this place.
 C = Inter-level travel time spent in this place.
 D = Time resting spent in this place.
 E = Time spent auto-exploring this place.
 F = Levels seen in this place.
 G = Mean time per level.
                   A        B        C        D        E       F      G
               +--------+--------+--------+--------+--------+-----+--------+
         Total |   3998 |   3916 |     82 |    413 |   2936 |   4 |  999.5 |
       Dungeon |   3998 |   3916 |     82 |    413 |   2936 |   4 |  999.5 |
               +--------+--------+--------+--------+--------+-----+--------+

Top non-repeatable levels by time:
     D:1: 1367 daAuts
     D:3: 1207 daAuts
     D:2: 1046 daAuts
     D:4: 377 daAuts
